AoeStats
← Thedrunkenpiper

Arena

506147894Analyzed
2v2 RM · 20d ago on Sep 12, 2026· 41m 53s· 4 players
Game mode
Random Map
Map size
Medium (4 player)
Population
200
Speed
Normal
Resources
Standard
Victory
Conquest
Starting age
Dark Age
Ending age
Imperial Age
RankedLock teamsTeams togetherTeam positionsShared explorationLock speedFull tech treeHidden civsTurbo modeCheats
Victory
Defeat
🇺🇸 Poles · United States
837
+17
🇫🇷 Tatars · France
812
+18
🇺🇸 Persians · United States
883
-54
🇺🇸 Cumans · United States
817
-42
julusss51
0:35 Loom
12:59 Feudal Age
16:54 Castle Age
15:47 Stone Mining
26:01 Horse Collar
27:21 Forging
28:29 Heavy Plow
30:23 Iron Casting
30:10 Husbandry
30:21 Bloodlines
31:25 Gold Mining
32:27 Wheelbarrow
33:25 Silk Armor
35:59 Imperial Age
34:02 Scale Barding Armor
34:18 Hand Cart
34:16 Double-Bit Axe
35:42 Chain Barding Armor
36:10 Gold Shaft Mining
37:52 Blast Furnace
37:28 Plate Barding Armor
36:19 Elite Keshik
37:20 Conscription
36:23 Capped Ram
37:37 Siege Ram
LordMiguelSg
3:39 Loom
11:54 Feudal Age
17:04 Castle Age
15:05 Horse Collar
15:17 Double-Bit Axe
18:55 Bow Saw
18:30 Pikeman
20:07 Fervor
24:59 Forging
27:10 Heavy Plow
27:23 Light Cavalry
28:16 Bloodlines
31:09 Wheelbarrow
34:37 Imperial Age
34:43 Imperial Age
33:03 Scale Barding Armor
34:41 Hand Cart
35:22 Iron Casting
39:21 Cavalier
40:38 Caravan
42:42 Blast Furnace
41:10 Man-at-Arms
Thedrunkenpiper
14:55 Feudal Age
16:29 Man-at-Arms
29:41 Castle Age
32:45 Long Swordsman
32:51 Pikeman
Chungucha
0:47 Loom
10:17 Feudal Age
13:15 Double-Bit Axe
16:07 Wheelbarrow
19:10 Horse Collar
19:14 Man-at-Arms
19:40 Arson
23:13 Castle Age
25:22 Scale Barding Armor
30:45 Hand Cart
31:52 Bloodlines
31:27 Pikeman
32:09 Squires
33:30 Heavy Plow
32:54 Capped Ram
Connection lost

Rejoining the realm…

Still unreachable

The connection could not be restored.

Session expired

The server has moved on; the page needs a fresh start.